Map: Ancient Cistern LE

Players

swiftfox - Winner!

  • Race: Terran Terran
  • League: Platinum
  • Spawn Location: 1:00

MeowChan

  • Race: Terran Terran
  • League: Platinum
  • Spawn Location: 7:00

VOD

Have the link to the VOD?

Description

Time

  • Played on: May 21, 2023, 10:34 p.m.
  • Length: 7:10
Show
View Real Time Build Order
Export as new Build Order

swiftfox Terran - Winner!

Build Orders: 1/1/1 

Get SALT Encoding   

  12  0:00  SCV  
  13  0:12  SCV  
  14  0:18  Supply Depot  
  14  0:26  Refinery  
  14  0:28  SCV  
  15  0:42  Barracks  
  15  0:54  SCV  
  15  0:55  Refinery  
  16  1:02  Supply Depot  
  16  1:08  SCV  
  17  1:21  SCV  
  18  1:33  SCV  
  18  1:35  Barracks Reactor  
  18  1:39  Factory  
  19  1:53  Orbital Command  
  19  2:10  Marine x2  
  21  2:20  SCV  
  22  2:22  Factory Tech Lab  
  22  2:24  Starport  
  22  2:28  Marine  
  23  2:30  Marine  
  23  2:34  SCV  
  25  2:43  Siege Tank  
  28  2:46  SCV  
  28  2:49  Marine  
  30  2:51  Marine  
  31  3:02  Starport Reactor  
  31  3:03  Supply Depot  
  31  3:14  Supply Depot  
  31  3:26  Marine  
  31  3:27  Marine, Siege Tank  
  32  3:31  Supply Depot  
  36  3:39  Viking  
  38  3:44  Viking  
  38  3:47  SCV  
  41  4:09  Viking  
  43  4:12  Supply Depot  
  43  4:14  Viking  
  45  4:17  Siege Tank  
  45  4:19  Marine  
  45  4:21  Marine  
  50  4:38  Viking  
  50  4:44  Viking  
  46  5:19  Marine x2, Siege Tank  
  46  5:20  Viking  
  31  6:02  Viking  
  31  6:03  Viking  
  35  6:04  Marine x2  
  37  6:22  Marine x2  
  39  6:40  Marine x2  
Show
View Real Time Build Order
Export as new Build Order

MeowChan Terran 

Build Orders: Liberator Opening 

Get SALT Encoding   

  12  0:02  SCV  
  13  0:14  SCV  
  13  0:19  Supply Depot  
  14  0:26  SCV  
  15  0:40  SCV  
  15  0:41  Barracks  
  16  0:46  Refinery  
  16  0:52  SCV  
  17  0:58  Refinery  
  17  1:04  SCV  
  18  1:16  SCV  
  19  1:29  Orbital Command  
  19  1:30  Barracks Reactor  
  19  1:53  Factory  
  19  1:56  SCV  
  19  1:57  Supply Depot  
  20  2:06  Marine x2  
  23  2:08  SCV  
  23  2:20  SCV  
  24  2:33  Command Center  
  24  2:38  SCV  
  25  2:45  Starport  
  25  2:50  Factory Tech Lab  
  25  2:52  Marine x2  
  25  2:58  SCV  
  28  3:09  Cyclone  
  31  3:30  Supply Depot  
  31  3:44  Liberator, Marine x2  
  31  3:45  SCV  
  31  3:47  Orbital Command  
  37  3:53  Siege Tank  
  40  3:57  SCV  
  40  4:02  Marine x2  
  43  4:10  Fusion Core  
  43  4:13  SCV  
  43  4:16  SCV  
  45  4:27  SCV  
  45  4:28  SCV  
  47  4:41  Factory Tech Lab  
  47  4:44  Engineering Bay  
  47  4:48  Marine x2  
  47  4:49  Command Center  
  41  5:11  Marine x2  
  41  5:12  Siege Tank  
  33  5:38  Orbital Command  
  9  6:13  Command Center  
  9  6:17  SCV  
  9  6:29  SCV  
Tags
 
Add a new tag
Caveats
  • Supply blocks, unpowered buildings, or Contaminate may cause inaccurate times.
  • Supply counts are checked every 10 seconds.